 Dungeon Sprint DCSS version 0.29-a0-330-g52719c12eb (webtiles) character file.

Game seed: 2420630227445543169

268532 jt the Warrior (level 12, 100/114 HPs)
             Began as a Barachi Enchanter on May 7, 2022.
             Was a High Priest of Okawaru.
             Escaped with the Orb!
             The game lasted 00:22:21 (3355 turns).

jt the Warrior (Barachi Enchanter)                  Turns: 3355, Time: 00:22:21

Health: 100/114    AC: 13    Str: 10    XL:     12   Next: 17%
Magic:  32/32      EV: 18    Int: 19    God:    Okawaru [*****.]
Gold:   591        SH: 15    Dex: 14    Spells: 18/26 levels left

rFire   + + .      SeeInvis .   a - +9 quick blade (vorpal)
rCold   + . .      Faith    .   K - +2 buckler {rF+}
rNeg    . . .      Spirit   .   j - +3 leather armour {rF+}
rPois   .          Reflect  +   N - +1 hat
rElec   .          Harm     .   (no cloak)
rCorr   .          Rampage  .   J - +2 pair of gloves {Stlth+}
Will    +....      NoTele   +   s - +1 pair of boots of Parlour Games {rC+ Will+}
Stlth   +++.......              v - amulet of reflection
HPRegen 0.29/turn               D - ring of magical power
MPRegen 0.23/turn               (no ring)

@: heroic, slow
A: amphibious, slowness 1, strong legs 1, +LOS
0: Orb of Zot
a: Hop, Renounce Religion, Heroism, Finesse


You escaped.
You worshipped Okawaru.
Okawaru was extremely pleased with you.
You visited 1 branch You collected 3896 gold pieces.
You spent 3305 gold pieces at shops.

Inventory:

Hand Weapons
 a - a +9 vorpal quick blade (weapon)
 b - a +3 vampiric scimitar
 c - a +0 trident
 d - a +0 scythe
 f - a +2 short sword of venom
 h - a +0 arbalest of freezing
 k - the +8 whip of Dim Light {flame, Str+5}
   (You found it in the Dungeon)

   It burns those it strikes, dealing additional fire damage.
   Str:       It affects your strength (+5).
 m - a +0 dagger of distortion
 r - the +8 longbow of the Warrior-Mage {flame, Contam rPois rF+ rCorr}
   (Okawaru gifted it to you in the Dungeon)

   Any ammunition fired from it burns those it strikes, dealing additional fire
   damage.
   rF:        It protects you from fire.
   rPois:     It protects you from poison.
   Contam:    It causes magical contamination when unequipped.
   rCorr:     It protects you from acid and corrosion.
 z - a +0 shortbow
 A - the +1 trident "Qenul Meaph" {freeze, rElec rF- Str+3 Dex+3}
   (You found it in the Dungeon)

   It freezes those it strikes, dealing additional cold damage.
   It can also slow down cold-blooded creatures.
   Str:       It affects your strength (+3).
   Dex:       It affects your dexterity (+3).
   rF:        It makes you vulnerable to fire.
   rElec:     It insulates you from electricity.
 H - a +1 dagger of protection
Missiles
 n - a curare-tipped dart
 t - 17 stones
 y - 4 javelins
 L - 3 atropa-tipped darts
Armour
 j - a +3 leather armour of fire resistance (worn)
 s - the +1 pair of boots of Parlour Games (worn) {rC+ Will+}
   (You bought it in a shop in the Dungeon)

   rC:        It protects you from cold.
   Will:      It increases your willpower.
 C - a +0 robe
 J - a +2 pair of gloves of stealth (worn)
 K - a +2 buckler of fire resistance (worn)
 N - a +1 hat (worn)
Jewellery
 v - an amulet of reflection (around neck)
 D - a ring of magical power (left hand)
Wands
 w - a wand of flame (11)
 x - a wand of mindburst (11)
 B - a wand of iceblast (1)
Scrolls
 i - 2 scrolls of blinking
 q - a scroll of amnesia
 F - a scroll of summoning {unknown}
 I - a scroll of holy word
 M - a scroll of immolation
 P - a scroll of fear
Potions
 e - 2 potions of heal wounds
 g - 2 potions of magic
 l - a potion of flight
 o - 5 potions of curing
 p - 2 potions of lignification
 u - a potion of mutation
 E - a potion of brilliance
 G - a potion of cancellation


   Skills:
 + Level 17.0(22.0) Fighting
 - Level 7.8(12.8) Short Blades
 - Level 6.0(11.0) Throwing
 - Level 2.0(7.0) Armour
 - Level 10.0(15.0) Dodging
 + Level 14.3(19.3) Stealth
 + Level 10.2(15.2) Shields
 - Level 7.6 Spellcasting
 - Level 8.5 Hexes
 - Level 9.7 Ice Magic
 + Level 10.5 Invocations


You had 18 spell levels left.
You knew the following spells:

 Your Spells              Type           Power      Damage    Failure   Level
a - Ensorcelled Hibernat  Hex/Ice        84%        N/A       1%          2
b - Confusing Touch       Hex            39%        N/A       1%          3
c - Dazzling Flash        Conj/Hex       46%        N/A       7%          3

Your spell library contained the following spells:

 Spells                   Type           Power      Damage    Failure   Level
 Tukima's Dance           Hex            Unusable   N/A       N/A         3

Dungeon Overview and Level Annotations

Branches:
Dungeon (1/1)

Altars:
Cheibriados
Dithmenos
Elyvilon
Fedhas
Gozag
Hepliaklqana
Kikubaaqudgha
Makhleb
Nemelex Xobeh
Okawaru
Qazlal
Ru
Sif Muna
Trog
Uskayaw
Vehumet
Wu Jian
Xom
Yredelemnul
Zin
The Shining One
Jiyva
Lugonu

Shops:
D !?(??**?[???*?*[*

Annotations:
D Tiamat


Innate Abilities, Weirdness & Mutations

You are amphibious.
You cover ground slowly.
You can hop short distances.
You have an extended range of vision and can be seen from far away.


Message History

The lords of Pandemonium are not amused.
Beware!
Now all you have to do is get back out of the dungeon!
Something screams, "Quit, thou tasty snacklet!"
Blink to where?
Press: ? - help, Dir - move target
As you read the scroll of blinking, it crumbles to dust.
A Tzitzimitl comes into view.
A Tzitzimitl is nearby!
Okay, then.
Okay, then.
Blink to where?
Press: ? - help, Dir - move target
As you read the scroll of blinking, it crumbles to dust.
The Tzitzimitl moves out of view.
The daeva shouts!
The daeva calls down the wrath of the Shining One upon you.
The Shining One smites you!
The daeva calls down the wrath of the Shining One upon you.
The Shining One smites you!
There is an open door, spattered with blood here.
There is an open door, spattered with blood here.
An Ice Fiend comes into view.
The Ice Fiend moves out of view.
Okay, then.
You gain the combat prowess of a mighty hero.
You see here a +0 ring mail.
Things that are here:
a +0 dagger; a +0 robe
There is an open door here.
There is an open door here.
There is a corrupted altar of Lugonu here.
There is a viscous altar of Jiyva here.
There is an open door here.
There is an open door here.
There is an open door here.
Blink to where?
Press: ? - help, Dir - move target
As you read the scroll of blinking, it crumbles to dust.
There is a staircase leading out of the dungeon here.
You have escaped!

##################
#@.#.)'.§#.['..#__
#..'..#.)'..#..'..
#..#####'#####'#__
#..####..#...#.###
#..#__####..##1#§≈
#..#_____##'#_.'≈§
#⌠⌠#_.∩...'..._#≈≈
####_..__##_.#'##'
*,,#_____###'#.#..


There were no monsters in sight!

Vanquished Creatures
  4 fire giants (D)
  A hydra (D)
  2 centaur warriors (D)
  Sonja (D)
  A deep troll (D)
  A lindwurm (D)
  An oklob plant (D)
  A merfolk siren (D)
  A gargoyle (D)
  5 unseen horrors (D)
  2 kobold demonologists (D)
  4 demonic crawlers (D)
  A hellwing (D)
  A hornet (D)
  A slime creature (D)
  Sigmund (D)
  13 hogs (D)
  A yak (D)
  2 redbacks (D)
  3 floating eyes (D)
  An ogre (D)
  7 necrophages (D)
  8 jellies (D)
  Ijyb (D)
  A ballistomycete spore (D)
65 creatures vanquished.

Vanquished Creatures (others)
  A merfolk siren (D)
  A ballistomycete spore (D)
2 creatures vanquished.

Grand Total: 67 creatures vanquished

Notes
Turn   | Place    | Note
-------+----------+-------------------------------------------
     0 | D        | jt the Barachi Enchanter began the quest for the Orb.
     0 | D        | Reached XP level 1. HP: 13/13 MP: 3/3
     3 | D        | Noticed Ijyb
    16 | D        | Killed Ijyb
    17 | D        | Reached XP level 2. HP: 7/19 MP: 4/7
    17 | D        | Reached XP level 3. HP: 10/24 MP: 4/8
   222 | D        | Learned a level 2 spell: Ensorcelled Hibernation
   226 | D        | Learned a level 3 spell: Confusing Touch
   227 | D        | Noticed an ogre
   231 | D        | Killed an ogre
   232 | D        | Reached skill level 5 in Stealth
   232 | D        | Reached skill level 5 in Spellcasting
   232 | D        | Reached XP level 4. HP: 30/30 MP: 6/11
   272 | D        | Noticed Sigmund
   284 | D        | Killed Sigmund
   285 | D        | Reached XP level 5. HP: 33/35 MP: 2/15
   285 | D        | Reached XP level 6. HP: 39/41 MP: 2/16
   376 | D        | Found a shimmering blue altar of Sif Muna.
   377 | D        | Found an ornate altar of the Wu Jian Council.
   378 | D        | Found a radiant altar of Vehumet.
   383 | D        | Reached skill level 1 in Fighting
   383 | D        | Reached skill level 1 in Ice Magic
   386 | D        | Identified the +8 whip of Dim Light {flame, Str+5}
   413 | D        | Found Zesateb's Magic Scroll Emporium.
   413 | D        | Found an ancient bone altar of Kikubaaqudgha.
   413 | D        | Found a hazy altar of Hepliaklqana.
   413 | D        | Found a hide-covered altar of Uskayaw.
   413 | D        | Found a basalt altar of Yredelemnul.
   413 | D        | Found an opulent altar of Gozag.
   413 | D        | Found a snail-covered altar of Cheibriados.
   413 | D        | Found a sacrificial altar of Ru.
   413 | D        | Found a shadowy altar of Dithmenos.
   413 | D        | Noticed a yak
   414 | D        | Found a stormy altar of Qazlal.
   414 | D        | Found a blossoming altar of Fedhas.
   414 | D        | Found a bloodstained altar of Trog.
   414 | D        | Found an iron altar of Okawaru.
   414 | D        | Found a glowing golden altar of the Shining One.
   414 | D        | Found a glowing silver altar of Zin.
   414 | D        | Found a white marble altar of Elyvilon.
   419 | D        | Killed a yak
   420 | D        | Reached skill level 4 in Fighting
   420 | D        | Reached XP level 7. HP: 39/55 MP: 18/18
   420 | D        | Found a sparkling altar of Nemelex Xobeh.
   424 | D        | Bought a scroll of blinking for 82 gold pieces
   503 | D        | Became a worshipper of Warmaster Okawaru
   510 | D        | Noticed Sonja
   514 | D        | Killed Sonja
   514 | D        | Reached * piety under Okawaru
   515 | D        | Reached skill level 8 in Fighting
   515 | D        | Reached XP level 8. HP: 69/69 MP: 19/19
   529 | D        | Found Obaam's Distillery.
   538 | D        | Bought 2 potions of curing for 60 gold pieces
   538 | D        | Bought a potion of heal wounds for 50 gold pieces
   538 | D        | Bought a potion of curing for 30 gold pieces
   538 | D        | Bought 2 potions of lignification for 60 gold pieces
   637 | D        | Noticed a deep troll
   641 | D        | Killed a deep troll
   641 | D        | Reached ** piety under Okawaru
   642 | D        | Reached skill level 9 in Fighting
   651 | D        | Found Ycarri's Armour Emporium.
   657 | D        | Bought the +1 pair of boots of Parlour Games {rC+ Will+}
                  | for 378 gold pieces
   699 | D        | Found a viscous altar of Jiyva.
   699 | D        | Found a corrupted altar of Lugonu.
   699 | D        | Noticed a slime creature
   700 | D        | Found a burning altar of Makhleb.
   700 | D        | Found a shimmering altar of Xom.
   709 | D        | Killed a slime creature
   710 | D        | Reached skill level 5 in Dodging
   710 | D        | Reached XP level 9. HP: 50/78 MP: 18/20
   827 | D        | Noticed a kobold demonologist
   828 | D        | Noticed a kobold demonologist
   830 | D        | Killed a kobold demonologist
   831 | D        | Reached skill level 10 in Fighting
   832 | D        | Killed a kobold demonologist
   832 | D        | Reached *** piety under Okawaru
   833 | D        | Reached skill level 5 in Throwing
   834 | D        | Paralysed by a floating eye for 4 turns
   845 | D        | Paralysed by a floating eye for 4 turns
   854 | D        | Noticed a lindwurm
   874 | D        | Killed a lindwurm
   875 | D        | Reached skill level 11 in Fighting
   929 | D        | Noticed a centaur warrior
   930 | D        | Noticed a centaur warrior
   933 | D        | Killed a centaur warrior
   933 | D        | Reached **** piety under Okawaru
   933 | D        | Received a gift from Okawaru
   934 | D        | Reached skill level 12 in Fighting
   934 | D        | Reached XP level 10. HP: 89/89 MP: 21/21
   934 | D        | Killed a centaur warrior
   935 | D        | Reached skill level 10 in Stealth
   940 | D        | Identified the +1 trident "Qenul Meaph" {freeze, rElec rF-
                  | Str+3 Dex+3}
   951 | D        | Noticed an oklob plant
  1215 | D        | Reached skill level 5 in Invocations
  1239 | D        | Reached skill level 13 in Fighting
  1356 | D        | Reached ***** piety under Okawaru
  1433 | D        | Reached skill level 10 in Dodging
  1452 | D        | Found Lalir's Magic Scroll Shoppe.
  1452 | D        | Found Suol Nuff's Weapon Shop.
  1452 | D        | Found Ugas's Magic Scroll Boutique.
  1454 | D        | Found Liveovuz's General Store.
  1454 | D        | Found Upuv's Assorted Antiques.
  1454 | D        | Found Uliompom's Magic Scroll Shoppe.
  1454 | D        | Found Penwob's Antique Armour Boutique.
  1454 | D        | Found Dotig's Magic Scroll Emporium.
  1454 | D        | Found Naczas's Magic Scroll Shop.
  1454 | D        | Found Saydaw's Magic Scroll Shoppe.
  1454 | D        | Found Qiw Acso's General Store.
  1455 | D        | Bought a scroll of identify for 22 gold pieces
  1457 | D        | Bought a scroll of acquirement for 572 gold pieces
  1457 | D        | Found Ynorriess's Assorted Antiques.
  1457 | D        | Found Uruenky's Magic Scroll Boutique.
  1458 | D        | Found Ytsineh's Assorted Antiques.
  1459 | D        | Bought a glowing bronze ring for 115 gold pieces
  1460 | D        | Bought a fizzy black potion for 20 gold pieces
  1461 | D        | Bought a scroll of blinking for 90 gold pieces
  1463 | D        | Bought a scroll of blinking for 105 gold pieces
  1463 | D        | Bought a scroll of blinking for 105 gold pieces
  1464 | D        | Bought a scroll of blinking for 105 gold pieces
  1467 | D        | Bought a scroll labelled XUENTAPATZ for 25 gold pieces
  1469 | D        | Bought a bubbling green potion for 27 gold pieces
  1469 | D        | Bought a cyan potion for 27 gold pieces
  1469 | D        | Bought an emerald potion for 27 gold pieces
  1470 | D        | Bought a scroll of holy word for 105 gold pieces
  1487 | D        | Bought a +2 pair of gloves of stealth for 279 gold pieces
  1513 | D        | Bought a +1 buckler of fire resistance for 165 gold pieces
  1528 | D        | Acquired 547 gold pieces
  1539 | D        | Bought a scroll of enchant armour for 82 gold pieces
  1598 | D        | Reached skill level 1 in Shields
  1598 | D        | Received a gift from Okawaru
  1682 | D        | Reached skill level 14 in Fighting
  1683 | D        | Received a gift from Okawaru
  1688 | D        | Reached XP level 11. HP: 66/100 MP: 21/22
  1821 | D        | Noticed a 12-headed hydra
  1823 | D        | Killed a 12-headed hydra
  1824 | D        | Reached skill level 5 in Shields
  1893 | D        | Noticed a deep elf annihilator
  1976 | D        | Noticed a daeva
  2011 | D        | Reached skill level 15 in Fighting
  2291 | D        | Learned a level 3 spell: Dazzling Flash
  2442 | D        | Identified the +8 longbow of the Warrior-Mage {flame,
                  | Contam rPois rF+ rCorr} (Okawaru gifted it to you in the
                  | Dungeon)
  2442 | D        | Received a gift from Okawaru
  2587 | D        | Bought a scroll of identify for 22 gold pieces
  2587 | D        | Bought a scroll of identify for 22 gold pieces
  2587 | D        | Bought a scroll of identify for 22 gold pieces
  2587 | D        | Bought a scroll of identify for 22 gold pieces
  2587 | D        | Bought a scroll of immolation for 38 gold pieces
  2727 | D        | Noticed a fire giant
  2737 | D        | Noticed a fire giant
  2747 | D        | Noticed a fire giant
  2769 | D        | Killed a fire giant
  2770 | D        | Reached skill level 16 in Fighting
  2788 | D        | Killed a fire giant
  2788 | D        | Received a gift from Okawaru
  2797 | D        | Killed a fire giant
  2798 | D        | Reached skill level 10 in Invocations
  2798 | D        | Reached XP level 12. HP: 88/113 MP: 23/23
  2805 | D        | Noticed a fire giant
  2820 | D        | Killed a fire giant
  2821 | D        | Reached skill level 10 in Shields
  2823 | D        | Found the +4 dragonskin cloak
  2823 | D        | Noticed Tiamat
  2937 | D        | Bought a +1 hat for 143 gold pieces
  2942 | D        | Acquired a +6 quick blade
  2964 | D        | Bought a scroll of brand weapon for 220 gold pieces
  2965 | D        | Bought 3 scrolls of enchant weapon for 247 gold pieces
  2965 | D        | Bought a scroll of fear for 38 gold pieces
  3214 | D        | Reached skill level 17 in Fighting
  3307 | D        | Got the Orb of Zot
  3310 | D        | Noticed a Tzitzimitl
  3329 | D        | Noticed an Ice Fiend
  3355 | D        | Escaped with the Orb!

Illustrated notes

Levels and vault maps discovered:
D:        dungeon_sprint_1 [red_sonja_temple_1, red_sonja_temple_small_1]

Skill      XL: |  1  2  3  4  5  6  7  8  9 10 11 12 |
---------------+-------------------------------------+-----
Stealth        | 4 5 7 8 9 11 14 | 14.3
Spellcasting   | 4 5 7 |  7.6
Hexes          | 4 6 8 |  8.5
Fighting       | 4 8 9 12 14 16 17 | 17.0
Short Blades   | 4 7 |  7.8
Ice Magic      | 4 8 9 |  9.7
Throwing       | 3 6 |  6.0
Armour         | 2 |  2.0
Dodging        | 5 8 10 | 10.0
Invocations    | 3 7 10 | 10.5
Shields        | 4 9 10 | 10.2

Action                   |  1- 3 |  4- 6 |  7- 9 | 10-12 || total
-------------------------+-------+-------+-------+-------++-------
Melee: Dagger            |    13 |    11 |    33 |   365 ||   422
       Punch             |       |       |       |     2 ||     2
       Scimitar          |       |       |       |    22 ||    22
       Quick blade       |       |       |       |    25 ||    25
Throw: Dart              |       |       |       |     1 ||     1
       Javelin           |       |       |       |     1 ||     1
 Cast: Ensorcelled Hiber |     1 |     3 |     3 |    24 ||    31
       Confusing Touch   |       |       |       |     5 ||     5
       Dazzling Flash    |       |       |       |     4 ||     4
Invok: Heroism           |       |       |     1 |     9 ||    10
 Abil: Hop               |       |       |     2 |       ||     2
Evoke: Wand              |       |       |     2 |     3 ||     5
  Use: Potion            |     2 |     1 |       |     7 ||    10
       Scroll            |       |       |       |    20 ||    20
 Stab: Sleeping          |     3 |     4 |     7 |    29 ||    43
       Confused          |       |       |       |     6 ||     6
       Invisible         |       |       |       |     3 ||     3
Armor: Leather armour    |       |     2 |     4 |    53 ||    59
Dodge: Dodged            |     4 |     4 |     5 |   163 ||   176
Block: Other             |       |       |     3 |    15 ||    18
       Buckler           |       |       |       |   128 ||   128
       Reflection        |       |       |       |     2 ||     2

Table legend: (Time is in decaauts)
 A = Elapsed time spent in this place.
 B = Non-inter-level travel time spent in this place.
 C = Inter-level travel time spent in this place.
 D = Time resting spent in this place.
 E = Time spent auto-exploring this place.
 F = Levels seen in this place.
 G = Mean time per level.
                   A        B        C        D        E       F      G
               +--------+--------+--------+--------+--------+-----+--------+
         Total |   3323 |   3112 |    211 |   1669 |      0 |   1 | 3323.0 |
       Dungeon |   3323 |   3112 |    211 |   1669 |      0 |   1 | 3323.0 |
               +--------+--------+--------+--------+--------+-----+--------+

Top non-repeatable levels by time:
       D: 3323 daAuts
